NYP
ABERDEEN IRONBIRDS @ STATEN ISLAND YANKEES
07/16/2047
 
TOP OF THE 1ST
Aberdeen Ironbirds batting - Pitching for Staten Island Yankees : RHP Bobby Kosmicki
Pitching: RHP Bobby Kosmicki
Batting: RHB Josh Hopp 0-0: Ground out 6-3 (Groundball, 6, EV 88.1 MPH)
Batting: LHB Adam Oldfield 0-0: Called Strike
0-1: Ground out 6-3 (Groundball, 6, EV 88.8 MPH)
Batting: RHB Matt O'Dea 0-0: Called Strike
0-1: Fly out, F9 (Flyball, 89M, EV 85.6 MPH)
Top of the 1st over - 0 runs, 0 hits, 0 errors, 0 left on base; Aberdeen 0 - Staten Island 0
BOTTOM OF THE 1ST
Staten Island Yankees batting - Pitching for Aberdeen Ironbirds : RHP Fabiano Ceriani
Pitching: RHP Fabiano Ceriani
Batting: RHB Francisco Vargas 0-0: Ball
1-0: Called Strike
1-1: SINGLE (Line Drive, 9S, EV 106.9 MPH)
Batting: LHB Joe Vida 0-0: Called Strike
0-1: Swinging Strike
0-2: Ball
1-2: Ball
2-2: Strikes out swinging
Batting: SHB Corey Penson 0-0: Called Strike
0-1: Ball
1-1: Foul Ball, location: 2F
1-2: Fly out, F8 (Line Drive, 8LM, EV 85.6 MPH)
Batting: RHB Brian Warren Pickoff Throw to First - Out! 1-3 CS
Bottom of the 1st over - 0 runs, 1 hit, 0 errors, 0 left on base; Aberdeen 0 - Staten Island 0
TOP OF THE 2ND
Aberdeen Ironbirds batting - Pitching for Staten Island Yankees : RHP Bobby Kosmicki
Batting: RHB Daniel Jackson 0-0: Called Strike
0-1: Called Strike
0-2: Ball
1-2: Foul Ball, location: 2F
1-2: Foul Ball, location: 2F
1-2: Foul Ball, location: 2F
1-2: Ball
2-2: SINGLE (Line Drive, 8LS, EV 91.2 MPH)
Batting: RHB Wes Reynolds 0-0: Hit by Pitch
Daniel Jackson to second
Batting: RHB Mike Zepeda 0-0: Ball
1-0: Ball
2-0: Called Strike
2-1: Ball
3-1: Foul Ball, location: 2F
Balk!
Daniel Jackson to third
Wes Reynolds to second
3-2: Base on Balls
Batting: LHB Ralph Braine 0-0: Called Strike
0-1: SINGLE (Line Drive, 4D, EV 99.4 MPH)
Daniel Jackson scores
Wes Reynolds to third
Mike Zepeda to second
Batting: RHB Marquis Major 0-0: Foul Ball, location: 2F
0-1: Ball
1-1: Swinging Strike
1-2: Strikes out swinging
Batting: RHB Matt Berrier 0-0: Ball
1-0: Fly out, F3 (Popup, 23F, EV 86.2 MPH)
Batting: RHB Josh Hopp 0-0: Called Strike
0-1: Swinging Strike
0-2: Strikes out looking
Top of the 2nd over - 1 run, 2 hits, 0 errors, 3 left on base; Aberdeen 1 - Staten Island 0
BOTTOM OF THE 2ND
Staten Island Yankees batting - Pitching for Aberdeen Ironbirds : RHP Fabiano Ceriani
Batting: RHB Brian Warren 0-0: Foul Ball, location: 2F
0-1: Ball
1-1: Ball
2-1: Swinging Strike
2-2: Ground out 4-3 (Groundball, 4, EV 93.8 MPH)
Batting: LHB Mike Schermerhorn 0-0: Called Strike
0-1: Ball
1-1: Foul Ball, location: 2F
1-2: Ball
2-2: Strikes out looking
Batting: RHB Mike Zern 0-0: Ground out 6-3 (Groundball, 6, EV 83.1 MPH)
Bottom of the 2nd over - 0 runs, 0 hits, 0 errors, 0 left on base; Aberdeen 1 - Staten Island 0
TOP OF THE 3RD
Aberdeen Ironbirds batting - Pitching for Staten Island Yankees : RHP Bobby Kosmicki
Batting: LHB Adam Oldfield 0-0: Foul Ball, location: 2F
0-1: Ball
1-1: Ball
2-1: Foul Ball, location: 2F
2-2: Foul Ball, location: 2F
2-2: Foul Ball, location: 2F
2-2: Foul Ball, location: 2F
2-2: Ground out 4-3 (Groundball, 4S, EV 81.2 MPH)
Batting: RHB Matt O'Dea 0-0: Swinging Strike
0-1: Ball
1-1: DOUBLE (Line Drive, 3D, EV 105.0 MPH)
Batting: RHB Daniel Jackson 0-0: Called Strike
0-1: Foul Ball, location: 2F
0-2: Ground out 5-3 (Groundball, 56, EV 98.8 MPH)
Batting: RHB Wes Reynolds 0-0: Called Strike
0-1: Foul Ball, location: 2F
0-2: Ball
1-2: Ball
2-2: DOUBLE (Line Drive, 89M, EV 93.1 MPH)
Matt O'Dea scores
Batting: RHB Mike Zepeda 0-0: Ball
1-0: Fly out, F8 (Line Drive, 8LD, EV 100.0 MPH)
Top of the 3rd over - 1 run, 2 hits, 0 errors, 1 left on base; Aberdeen 2 - Staten Island 0
BOTTOM OF THE 3RD
Staten Island Yankees batting - Pitching for Aberdeen Ironbirds : RHP Fabiano Ceriani
Batting: RHB Pat Pemberton 0-0: Ball
1-0: Ball
2-0: Called Strike
2-1: Ball
3-1: SINGLE (Groundball, 4MD, EV 103.1 MPH)
Batting: RHB Nate Singleton 0-0: Ball
1-0: Ball
2-0: Ball
3-0: Called Strike
3-1: Grounds into double play, 5-4-3 (Groundball, 56S, EV 83.1 MPH)
Batting: RHB Danny Ayala 0-0: Called Strike
0-1: Ball
1-1: Foul Ball, location: 2F
1-2: Ball
2-2: Strikes out swinging
Bottom of the 3rd over - 0 runs, 1 hit, 0 errors, 0 left on base; Aberdeen 2 - Staten Island 0
TOP OF THE 4TH
Aberdeen Ironbirds batting - Pitching for Staten Island Yankees : RHP Bobby Kosmicki
Batting: LHB Ralph Braine 0-0: Swinging Strike
0-1: Called Strike
0-2: Ball
1-2: Ball
2-2: Ground out 4-3 (Groundball, 4, EV 85.0 MPH)
Batting: RHB Marquis Major 0-0: Foul Ball, location: 2F
0-1: Foul Ball, location: 2F
0-2: Ground out 6-3 (Groundball, 6, EV 85.6 MPH)
Batting: RHB Matt Berrier 0-0: Swinging Strike
0-1: Foul Ball, location: 2F
0-2: Foul Ball, location: 2F
0-2: Strikes out swinging
Top of the 4th over - 0 runs, 0 hits, 0 errors, 0 left on base; Aberdeen 2 - Staten Island 0
BOTTOM OF THE 4TH
Staten Island Yankees batting - Pitching for Aberdeen Ironbirds : RHP Fabiano Ceriani
Batting: RHB Francisco Vargas 0-0: SINGLE (Line Drive, 9S, EV 93.1 MPH)
Batting: LHB Joe Vida 0-0: Called Strike
Francisco Vargas steals 2nd base
0-1: Called Strike
0-2: Foul Ball, location: 2F
0-2: SINGLE (Groundball, 4MD, EV 101.2 MPH)
Francisco Vargas to third
Batting: SHB Corey Penson 0-0: Called Strike
0-1: Ball
1-1: Swinging Strike
1-2: Strikes out looking
Batting: RHB Brian Warren 0-0: Called Strike
0-1: Ball
1-1: Called Strike
1-2: Strikes out swinging
Batting: LHB Mike Schermerhorn 0-0: Ball
1-0: Ball
2-0: Ball
3-0: Base on Balls
Joe Vida to second
Batting: RHB Mike Zern 0-0: Called Strike
0-1: Foul Ball, location: 2F
0-2: Ball
1-2: Ball
2-2: Fielders Choice at 2nd, 6-4 (Groundball, 6, EV 82.5 MPH)
Bottom of the 4th over - 0 runs, 2 hits, 0 errors, 3 left on base; Aberdeen 2 - Staten Island 0
TOP OF THE 5TH
Aberdeen Ironbirds batting - Pitching for Staten Island Yankees : RHP Bobby Kosmicki
Batting: RHB Josh Hopp 0-0: Ball
1-0: Called Strike
1-1: Swinging Strike
1-2: Ball
2-2: SINGLE (Groundball, 56, EV 95.0 MPH)
Batting: LHB Adam Oldfield 0-0: Fielders Choice at 2nd, 5-4 (Groundball, 25, EV 76.2 MPH)
Batting: RHB Matt O'Dea 0-0: Called Strike
0-1: Ball
1-1: Ball
2-1: Ball
3-1: SINGLE (Line Drive, 56D, EV 93.8 MPH)
Adam Oldfield to second
Batting: RHB Daniel Jackson 0-0: Swinging Strike
0-1: Foul Ball, location: 2F
0-2: Strikes out swinging
Batting: RHB Wes Reynolds 0-0: Ball
1-0: Called Strike
1-1: Foul Ball, location: 2F
1-2: SINGLE (Line Drive, 6D, EV 103.1 MPH)
Adam Oldfield to third
Matt O'Dea to second
Batting: RHB Mike Zepeda 0-0: TRIPLE (Flyball, 9LD, EV 106.9 MPH)
Adam Oldfield scores
Matt O'Dea scores
Wes Reynolds scores
Pitching: RHP Jake Bryant
Batting: LHB Ralph Braine 0-0: Foul Ball, location: 2F
0-1: Swinging Strike
0-2: Strikes out swinging
Top of the 5th over - 3 runs, 4 hits, 0 errors, 1 left on base; Aberdeen 5 - Staten Island 0
BOTTOM OF THE 5TH
Staten Island Yankees batting - Pitching for Aberdeen Ironbirds : RHP Fabiano Ceriani
Batting: RHB Pat Pemberton 0-0: Foul Ball, location: 2F
0-1: Ball
1-1: Ball
2-1: Reached on error, E5 (Groundball, 56, EV 85.6 MPH)
Batting: RHB Nate Singleton 0-0: Called Strike
0-1: Foul Ball, location: 2F
0-2: Ball
1-2: Foul Ball, location: 2F
1-2: Foul Ball, location: 2F
1-2: Ball
2-2: Fly out, F4 (Line Drive, 4, EV 64.4 MPH)
Batting: RHB Danny Ayala 0-0: Called Strike
0-1: Ball
1-1: Ball
2-1: Ground out 5-3 (Groundball, 56S, EV 72.5 MPH)
Pat Pemberton to second
Batting: RHB Francisco Vargas 0-0: Called Strike
0-1: Reached on error, E5 (Groundball, 56S, EV 89.4 MPH)
Pat Pemberton scores
Batting: LHB Joe Vida 0-0: Ball
1-0: Foul Ball, location: 2F
1-1: Foul Ball, location: 2F
1-2: Strikes out swinging
Bottom of the 5th over - 1 run, 0 hits, 2 errors, 1 left on base; Aberdeen 5 - Staten Island 1
TOP OF THE 6TH
Aberdeen Ironbirds batting - Pitching for Staten Island Yankees : RHP Jake Bryant
Batting: RHB Marquis Major 0-0: Foul Ball, location: 2F
0-1: Swinging Strike
0-2: Foul Ball, location: 2F
0-2: Strikes out looking
Batting: RHB Matt Berrier 0-0: Called Strike
0-1: Swinging Strike
0-2: Strikes out swinging
Batting: RHB Josh Hopp 0-0: Called Strike
0-1: Ball
1-1: Foul Ball, location: 2F
1-2: Strikes out swinging
Top of the 6th over - 0 runs, 0 hits, 0 errors, 0 left on base; Aberdeen 5 - Staten Island 1
BOTTOM OF THE 6TH
Staten Island Yankees batting - Pitching for Aberdeen Ironbirds : RHP Fabiano Ceriani
Pitching: RHP Jon Grason
Batting: SHB Corey Penson 0-0: Ball
1-0: Foul Ball, location: 2F
1-1: Ball
2-1: Swinging Strike
2-2: Foul Ball, location: 2F
2-2: Ball
3-2: SINGLE (Groundball, 56D, EV 103.8 MPH)
Batting: RHB Brian Warren 0-0: Called Strike
0-1: Swinging Strike
0-2: Strikes out swinging
Batting: LHB Mike Schermerhorn 0-0: Ball
1-0: Foul Ball, location: 2F
1-1: Ball
2-1: Foul Ball, location: 2F
2-2: Ball
3-2: Fly out, F9 (Flyball, 9D, EV 97.5 MPH)
Batting: RHB Mike Zern 0-0: Called Strike
0-1: Ball
1-1: Ball
2-1: Swinging Strike
2-2: Strikes out swinging
Bottom of the 6th over - 0 runs, 1 hit, 0 errors, 1 left on base; Aberdeen 5 - Staten Island 1
TOP OF THE 7TH
Aberdeen Ironbirds batting - Pitching for Staten Island Yankees : RHP Jake Bryant
Batting: LHB Adam Oldfield 0-0: Ball
1-0: Ball
2-0: Called Strike
2-1: Swinging Strike
2-2: Foul Ball, location: 2F
2-2: Strikes out looking
Batting: RHB Matt O'Dea 0-0: Ball
1-0: Foul Ball, location: 2F
1-1: Called Strike
1-2: Strikes out looking
Batting: RHB Daniel Jackson 0-0: Foul Ball, location: 2F
0-1: Swinging Strike
0-2: Ball
1-2: Strikes out looking
Top of the 7th over - 0 runs, 0 hits, 0 errors, 0 left on base; Aberdeen 5 - Staten Island 1
BOTTOM OF THE 7TH
Staten Island Yankees batting - Pitching for Aberdeen Ironbirds : RHP Jon Grason
Batting: RHB Pat Pemberton 0-0: Foul Ball, location: 2F
0-1: Called Strike
0-2: Ball
1-2: Ball
2-2: Fly out, F8 (Flyball, 8LD, EV 95.6 MPH)
Batting: RHB Nate Singleton 0-0: Foul Ball, location: 2F
0-1: Swinging Strike
0-2: Strikes out swinging, 2-3 out at first.
Batting: RHB Danny Ayala 0-0: SINGLE (Line Drive, 4D, EV 101.9 MPH)
Batting: RHB Francisco Vargas 0-0: Ball
1-0: Foul Ball, location: 2F
1-1: Foul Ball, location: 5F, Error on foul ball, E5
1-2: Ball
2-2: SINGLE (Line Drive, 4D, EV 95.0 MPH)
Danny Ayala to second
Runner from 2nd tries for 3rd, SAFE, throw by CF made to third
Batting: LHB Joe Vida 0-0: Foul Ball, location: 2F
0-1: Foul Ball, location: 2F
0-2: TRIPLE (Flyball, 9D, EV 102.5 MPH)
Danny Ayala scores
Francisco Vargas scores
Batting: SHB Corey Penson 0-0: Foul Ball, location: 2F
0-1: Swinging Strike
0-2: Ball
1-2: Ground out U3 (Groundball, 3L, EV 78.8 MPH)
Bottom of the 7th over - 2 runs, 3 hits, 1 error, 1 left on base; Aberdeen 5 - Staten Island 3
TOP OF THE 8TH
Aberdeen Ironbirds batting - Pitching for Staten Island Yankees : RHP Jake Bryant
Pitching: RHP Gary Salazar
Batting: RHB Wes Reynolds 0-0: Called Strike
0-1: Ball
1-1: Ball
2-1: Ball
3-1: Foul Ball, location: 2F
3-2: Base on Balls
Batting: RHB Mike Zepeda 0-0: Called Strike
Wes Reynolds steals 2nd base
0-1: Ball
1-1: Ball
2-1: Ball
3-1: Bunted foul
3-2: Base on Balls
Batting: LHB Ralph Braine 0-0: Called Strike
0-1: Ball
1-1: Swinging Strike
1-2: Fly out, F9 (Flyball, 9, EV 77.5 MPH)
Pitching: RHP Chris Hodge
Batting: RHB Marquis Major 0-0: Ball
1-0: Ball
2-0: Ball
3-0: Base on Balls
Wes Reynolds to third
Mike Zepeda to second
Pinch Hitting: LHB Keith Long 0-0: Swinging Strike
0-1: Swinging Strike
0-2: Foul Ball, location: 2F
0-2: Ball
1-2: Strikes out swinging
Batting: RHB Josh Hopp 0-0: SINGLE (Groundball, 34D, EV 110.6 MPH)
Wes Reynolds scores
Mike Zepeda to third
Marquis Major to second
Runner from 3rd tries for Home, SAFE, throw by RF to home
Pitching: LHP Jon Moore
Batting: RHB Mike Pitts 0-0: Ball
1-0: Ball
2-0: SINGLE (Groundball, 4MD, EV 100.0 MPH)
Marquis Major to third
Josh Hopp to second
Runner from 3rd tries for Home, SAFE, throw by CF to home
Batting: RHB Matt O'Dea 0-0: Ball
1-0: Called Strike
1-1: Ball
2-1: Swinging Strike
2-2: Ball
3-2: Base on Balls
Josh Hopp to third
Mike Pitts to second
Batting: RHB Daniel Jackson 0-0: Called Strike
0-1: Swinging Strike
0-2: Ball
1-2: Ball
2-2: Foul Ball, location: 2F
2-2: Strikes out looking
Top of the 8th over - 3 runs, 2 hits, 0 errors, 3 left on base; Aberdeen 8 - Staten Island 3
BOTTOM OF THE 8TH
Staten Island Yankees batting - Pitching for Aberdeen Ironbirds : RHP Jon Grason
Now at SS: Ethan Finke
Batting: RHB Brian Warren 0-0: Foul Ball, location: 2F
0-1: Ball
1-1: Swinging Strike
1-2: Ball
2-2: Strikes out swinging
Batting: LHB Mike Schermerhorn 0-0: Called Strike
0-1: Swinging Strike
0-2: Ball
1-2: Strikes out swinging
Pitching: RHP Manny Saldana
Batting: RHB Mike Zern 0-0: Ball
1-0: Foul Ball, location: 2F
1-1: Ground out 6-3 (Groundball, 6S, EV 66.2 MPH)
Bottom of the 8th over - 0 runs, 0 hits, 0 errors, 0 left on base; Aberdeen 8 - Staten Island 3
TOP OF THE 9TH
Aberdeen Ironbirds batting - Pitching for Staten Island Yankees : LHP Jon Moore
Pitching: RHP David Durr
Batting: RHB Wes Reynolds 0-0: Ground out 4-3 (Groundball, 4, EV 96.9 MPH)
Batting: RHB Mike Zepeda 0-0: Ball
1-0: Ball
2-0: Called Strike
2-1: Ball
3-1: Foul Ball, location: 2F
3-2: Foul Ball, location: 2F
3-2: Base on Balls
Batting: LHB Ralph Braine 0-0: Ball
1-0: Foul Ball, location: 2F
1-1: Hit by Pitch
Mike Zepeda to second
Batting: RHB Marquis Major 0-0: Called Strike
0-1: Foul Ball, location: 2F
0-2: Ball
1-2: Ball
2-2: Ball
3-2: Base on Balls
Mike Zepeda to third
Ralph Braine to second
Batting: RHB Ethan Finke 0-0: Called Strike
0-1: Ball
1-1: Called Strike
1-2: Ball
2-2: Ball
3-2: Foul Ball, location: 2F
3-2: Base on Balls
Mike Zepeda scores
Ralph Braine to third
Marquis Major to second
Batting: RHB Josh Hopp 0-0: Ball
1-0: Swinging Strike
1-1: Foul Ball, location: 2F
1-2: Ball
2-2: Ball
3-2: Base on Balls
Ralph Braine scores
Marquis Major to third
Ethan Finke to second
Batting: RHB Mike Pitts 0-0: Called Strike
0-1: Fly out, F8 (Flyball, 8RD, EV 103.1 MPH)
Pinch Hitting: RHB Chris McGuirk 0-0: Ground out 3-1 (Groundball, 34, EV 98.8 MPH)
Top of the 9th over - 2 runs, 0 hits, 0 errors, 3 left on base; Aberdeen 10 - Staten Island 3
BOTTOM OF THE 9TH
Staten Island Yankees batting - Pitching for Aberdeen Ironbirds : RHP Manny Saldana
Now at 1B: Chris McGuirk
Batting: RHB Pat Pemberton 0-0: Foul Ball, location: 2F
0-1: Ball
1-1: Ball
2-1: Foul Ball, location: 2F
2-2: Ball
3-2: Base on Balls
Pinch Hitting: SHB Adam Slade 0-0: Foul Ball, location: 2F
0-1: Ball
1-1: Reached on error, E3 (Groundball, 23, EV 85.6 MPH)
Pat Pemberton to second
Pinch Hitting: SHB Josh Parker 0-0: Ball
1-0: Called Strike
1-1: Ball
2-1: Ball
3-1: Fly out, F9 (Flyball, 9D, EV 98.1 MPH)
Runner from 2nd tags up, SAFE at 3rd, no throw by RF
Batting: RHB Francisco Vargas 0-0: Called Strike
0-1: Grounds into double play, 5-4-3 (Groundball, 56S, EV 90.0 MPH)
Bottom of the 9th over - 0 runs, 0 hits, 1 error, 1 left on base; Aberdeen 10 - Staten Island 3
Thursday, December 15th , 2022 - OOTP Baseball 23.9 Build 102